 Dungeon Crawl Stone Soup version 0.30-a0-137-gd8773701ce (webtiles) character file.

Game seed: 7034699491358731925

408 Decritt the Shooter (level 6, 32/32 HPs)
             Began as a Spriggan Hunter on Sept 17, 2022.
             Quit the game on level 4 of the Dungeon on Sept 23, 2022.
             The game lasted 00:10:21 (5100 turns).

Decritt the Shooter (Spriggan Hunter)               Turns: 5100, Time: 00:10:21

Health: 32/32      AC:  2    Str:  7    XL:     6   Next: 57%
Magic:  7/7        EV: 21    Int: 10    God:
Gold:   199        SH:  0    Dex: 21    Spells: 5/5 levels left

rFire   . . .      SeeInvis +    a - +0 shortbow
rCold   . . .      Faith    .    (shield currently unavailable)
rNeg    . . .      Spirit   .    c - +0 robe
rPois   .          Reflect  .    (helmet restricted)
rElec   .          Harm     .    (no cloak)
rCorr   .          Rampage  .    (gloves unavailable)
Will    +....                    (boots unavailable)
Stlth   +++.......               (no amulet)
HPRegen 0.10/turn                (no ring)
MPRegen 0.10/turn                (no ring)

@: very quick
A: very small, no large weapons, unfitting armour, see invisible, speed 3
a: no special abilities


You were on level 4 of the Dungeon.
You visited 1 branch of the dungeon, and saw 5 of its levels.

You collected 199 gold pieces.

Inventory:

Hand Weapons
 a - a +0 shortbow (weapon)
Armour
 c - a +0 robe (worn)
Jewellery
 i - a ring of resist corrosion
Wands
 q - a wand of charming (10)
Scrolls
 b - a scroll of immolation
 e - 2 scrolls of noise {unknown}
 f - 2 scrolls of teleportation
 h - a scroll of magic mapping
 l - a scroll of acquirement {unknown}
 m - a scroll of enchant weapon {unknown}
 r - a scroll of identify
 s - a scroll of fear {unknown}
 t - a scroll of poison {unknown}
Potions
 d - a potion of resistance {unknown}
 g - 2 potions of attraction
 j - 2 potions of lignification {unknown}
 k - a potion of curing {unknown}
 n - a potion of haste {unknown}
 o - a potion of invisibility
 p - a potion of might {unknown}
 u - a potion of berserk rage {unknown}


   Skills:
 * Level 3.3 Fighting
 * Level 5.5 Ranged Weapons
 * Level 5.4 Dodging
 + Level 4.1 Stealth


You had 5 spell levels left.
You didn't know any spells.
Your spell library contained the following spells:

 Spells                   Type           Power      Damage    Failure   Level
 Scorch                   Fire           0%         2d5       50%         2
 Flame Wave               Conj/Fire      0%         2d4       98%         4
 Summon Cactus Giant      Summ           0%         N/A       100%        6


Dungeon Overview and Level Annotations

Branches:
Dungeon (5/15)
 Temple: D:4-7

Altars:

Shops:
D:2 *   D:3 :   D:4 (


Innate Abilities, Weirdness & Mutations

You are very small and have problems with some larger weapons.
You are too small for most types of armour.
You have supernaturally acute eyesight. (SInv)
You cover ground extremely quickly. (Speed+++)


Message History

The hound closely misses you. The adder misses you.
You shoot an arrow. The arrow barely misses the hound.
The hound barely misses you. The adder completely misses you.
The hound completely misses you.
You shoot an arrow. The arrow barely misses the hound.
The adder misses you. The hound bites you.
* * * LOW HITPOINT WARNING * * *
The adder barely misses you.
You shoot an arrow. The arrow closely misses the hound.
The hound closely misses you.
You shoot an arrow. The arrow barely misses the hound.
The hound closely misses you. The adder misses you.
The hound completely misses you. The adder completely misses you.
You shoot an arrow. The arrow hits the hound!
You kill the hound!
The adder bites you.
* * * LOW HITPOINT WARNING * * *
You see here an adder skeleton.
You shoot an arrow. The arrow closely misses the adder.
The adder barely misses you.
You shoot an arrow. The arrow closely misses the adder.
The adder closely misses you. The adder completely misses you.
You shoot an arrow. The arrow hits the adder.
The adder is severely wounded.
The adder completely misses you.
You shoot an arrow. The arrow hits the adder!
You kill the adder!
No target in view!
You start resting.
HP restored.
You start waiting.
Done waiting.
Saving game... please wait.
Welcome back, Decritt the Spriggan Hunter.
Press ? for a list of commands and other information.
Welcome back, Decritt the Spriggan Hunter.
Press ? for a list of commands and other information.
Welcome back, Decritt the Spriggan Hunter.
Press ? for a list of commands and other information.
Are you sure you want to abandon this character and quit the game? (Confirm with "yes".)

#....)..............#####.
##.......#....##....#.....
#.....###....##..........
#.....# ##...###.........
###...######...#.........
##.....#.###..............
#...........รท.#........##.
#............###.......##.
#........@...#.#.......##. ###
#....................<##..
##.###.#......###.........###^.
##...##.#......####...##...###..
#.......##.....#..#...##...##..#
##...[............#....#....##..
##.......#...............#......
#........##........####..##..#..
##.........#........# #####..#..


There were no monsters in sight!

Vanquished Creatures
  A black bear (D:3)
  2 hounds (D:4)
  4 iguanas
  7 adders
  4 worms
  A dart slug (D:1)
  5 orcs
  5 ball pythons
  10 endoplasms
  2 giant cockroaches
  5 goblins
  9 hobgoblins
  8 kobolds
  A quokka (D:1)
  A bat (D:1)
  A frilled lizard (D:3)
  9 rats
75 creatures vanquished.

Notes
Turn   | Place    | Note
-------+----------+-------------------------------------------
     0 | D:1      | Decritt the Spriggan Hunter began the quest for the Orb.
     0 | D:1      | Reached XP level 1. HP: 10/10 MP: 2/2
   141 | D:1      | Reached XP level 2. HP: 13/15 MP: 3/3
   411 | D:1      | Found a faded altar of an unknown god.
   457 | D:1      | You fall into a shaft and drop 1 floor!
   494 | D:2      | Reached XP level 3. HP: 11/18 MP: 4/4
  1463 | D:2      | Found Pyries's Assorted Antiques.
  1708 | D:2      | Reached XP level 4. HP: 23/23 MP: 5/5
  2134 | D:3      | Found Inicirr's Book Shop.
  2944 | D:3      | Reached XP level 5. HP: 6/27 MP: 6/6
  3402 | D:4      | Noticed a black bear
  3707 | D:3      | Killed a black bear
  3708 | D:3      | Reached skill level 5 in Ranged Weapons
  3879 | D:3      | Reached skill level 5 in Dodging
  3879 | D:3      | Reached XP level 6. HP: 14/32 MP: 7/7
  4699 | D:4      | Found Natewaig's Weapon Shoppe.
  4799 | D:5      | Entered Level 5 of the Dungeon
  5100 | D:4      | Upgraded the game from 0.30-a0-122-g2a1322497e to
                  | 0.30-a0-134-gb40fab5c76
  5100 | D:4      | Upgraded the game from 0.30-a0-134-gb40fab5c76 to
                  | 0.30-a0-137-gd8773701ce
  5100 | D:4      | Quit the game

Illustrated notes

Levels and vault maps discovered:
D:1:      erik_arrival_cave_to_civilisation [erik_arrival_cave_to_hall],
          layout_loops_ring, shapermc_ecumenical_altar_venn
D:2:      layout_loops_ring, serial_shops,
          nicolae_shop_competitors_out_of_business
D:3:      layout_basic, serial_shops, shop
D:4:      layout_cave_pools, serial_shops, nicolae_shop_bloodbath_and_beyond
D:5:      layout_loops_ring, minmay_temple_entry_water_ring, serial_shops, shop,
          uniq_menkaure, uniq_prince_ribbit1

Skill      XL: |  1  2  3  4  5  6 |
---------------+-------------------+-----
Dodging        | 3 4 5 |  5.4
Stealth        | 2 3 4 |  4.1
Fighting       | 2 3 |  3.3
Ranged Weapons | 5 |  5.5

Action                   |  1- 3 |  4- 6 || total
-------------------------+-------+-------++-------
 Fire: Shortbow          |    95 |   158 ||   253
  Use: Scroll            |       |     5 ||     5
Armor: Robe              |     4 |     6 ||    10
Dodge: Dodged            |    56 |    94 ||   150

Table legend: (Time is in decaauts)
 A = Elapsed time spent in this place.
 B = Non-inter-level travel time spent in this place.
 C = Inter-level travel time spent in this place.
 D = Time resting spent in this place.
 E = Time spent auto-exploring this place.
 F = Levels seen in this place.
 G = Mean time per level.
                   A        B        C        D        E       F      G
               +--------+--------+--------+--------+--------+-----+--------+
         Total |   4125 |   4068 |     57 |   1718 |   1739 |   5 |  825.0 |
       Dungeon |   4125 |   4068 |     57 |   1718 |   1739 |   5 |  825.0 |
               +--------+--------+--------+--------+--------+-----+--------+

Top non-repeatable levels by time:
     D:3: 1832 daAuts
     D:2: 937 daAuts
     D:4: 807 daAuts
     D:1: 535 daAuts
     D:5: 13 daAuts
